AoeStats
← Anto

Arabia

509138071Analyzed
1v1 RM · 6d ago on Sep 25, 2026· 52m 25s· 2 players
Game mode
Random Map
Map size
Tiny (2 player)
Population
200
Speed
Normal
Resources
Standard
Victory
Conquest
Starting age
Dark Age
Ending age
Imperial Age
RankedLock teamsTeams togetherTeam positionsShared explorationLock speedFull tech treeHidden civsTurbo modeCheats
Victory
Defeat
🇫🇷 Mongols · France
907
+35
🇭🇰 Huns · Hong Kong SAR China
845
-14
Anto
9:27 Loom
11:21 Feudal Age
12:19 Horse Collar
16:38 Double-Bit Axe
16:45 Gold Mining
19:24 Castle Age
18:22 Bloodlines
19:12 Scale Barding Armor
20:08 Forging
22:02 Husbandry
23:15 Chain Barding Armor
25:44 Iron Casting
26:42 Bow Saw
27:11 Padded Archer Armor
27:30 Stone Mining
28:51 Stone Shaft Mining
29:48 Wheelbarrow
30:32 Gold Shaft Mining
30:00 Heavy Plow
32:05 Hand Cart
32:07 Leather Archer Armor
33:04 Fletching
33:37 Ballistics
34:19 Bodkin Arrow
34:38 Thumb Ring
40:03 Imperial Age
41:00 Elite Mangudai
42:02 Conscription
41:47 Bracer
42:17 Parthian Tactics
43:17 Chemistry
48:48 Drill
tommyhk
10:27 Feudal Age
11:48 Wheelbarrow
15:23 Bloodlines
15:27 Double-Bit Axe
15:44 Horse Collar
22:18 Castle Age
20:04 Town Watch
21:40 Loom
22:23 Gold Mining
27:37 Hand Cart
29:04 Gold Shaft Mining
30:19 Bow Saw
33:28 Thumb Ring
34:47 Fletching
35:00 Padded Archer Armor
35:57 Heavy Plow
36:14 Husbandry
35:56 Light Cavalry
36:39 Elite Skirmisher
37:39 Bodkin Arrow
37:59 Leather Archer Armor
39:33 Ballistics
42:34 Imperial Age
41:53 Stone Mining
43:19 Bracer
44:33 Chemistry
47:25 Parthian Tactics
46:25 Hussar
48:34 Forging
Connection lost

Rejoining the realm…

Still unreachable

The connection could not be restored.

Session expired

The server has moved on; the page needs a fresh start.